3L
BROOKLYN DODGERS @ CHARLESTON BATTERY
05/17/2034
 
TOP OF THE 1ST
Brooklyn Dodgers batting - Pitching for Charleston Battery : LHP Luis Vargas
Pitching: LHP Luis Vargas
Batting: LHB Mike Gillespie 0-0: Called Strike
0-1: Ground out 5-3 (Groundball, 5)
Batting: LHB Roberto Soto 0-0: Called Strike
0-1: Fly out, F7 (Flyball, 7S)
Batting: RHB Ilkka Haapajarvi 0-0: Foul Ball, location: 2F
0-1: Foul Ball, location: 2F
0-2: Strikes out swinging
Top of the 1st over - 0 runs, 0 hits, 0 errors, 0 left on base; Brooklyn 0 - Charleston 0
BOTTOM OF THE 1ST
Charleston Battery batting - Pitching for Brooklyn Dodgers : RHP Barney Starr
Pitching: RHP Barney Starr
Batting: LHB Joey Coco 0-0: Ground out U3 (Groundball, 34S)
Batting: RHB Mike Case 0-0: Ball
1-0: Bunted foul
1-1: Ball
2-1: Ground out 6-3 (Groundball, 6)
Batting: SHB Jasper Morrison 0-0: Ball
1-0: Ball
2-0: SINGLE (Flyball, 78M)
Batting: LHB Spencer Powell 0-0: Ball
1-0: Ground out 4-3 (Groundball, 4)
Bottom of the 1st over - 0 runs, 1 hit, 0 errors, 1 left on base; Brooklyn 0 - Charleston 0
TOP OF THE 2ND
Brooklyn Dodgers batting - Pitching for Charleston Battery : LHP Luis Vargas
Batting: RHB Scott Ramsey 0-0: Foul Ball, location: 2F
0-1: Called Strike
0-2: Ball
1-2: Ball
2-2: Ball
3-2: SINGLE (Groundball, 6MD)
Batting: SHB Tony Manzanares 0-0: Foul Ball, location: 2F
0-1: Foul Ball, location: 2F
0-2: Strikes out swinging
Batting: LHB Hugh Hill 0-0: Foul Ball, location: 2F
0-1: Swinging Strike
0-2: Ball
1-2: Foul Ball, location: 2F
1-2: Strikes out looking
Batting: LHB Jérôme Masson 0-0: DOUBLE (Flyball, 78XD)
Scott Ramsey to third
Runner from 3rd tries for Home, SAFE, no throw
Batting: SHB Tommy Dreamer 0-0: Called Strike
0-1: Ball
1-1: Foul Ball, location: 2F
1-2: Strikes out looking
Top of the 2nd over - 1 run, 2 hits, 0 errors, 1 left on base; Brooklyn 1 - Charleston 0
BOTTOM OF THE 2ND
Charleston Battery batting - Pitching for Brooklyn Dodgers : RHP Barney Starr
Batting: RHB Paco Muńóz 0-0: Ball
1-0: Ball
2-0: Ball
3-0: Called Strike
3-1: Base on Balls
Batting: LHB Vicente Gonzáles 0-0: Ball
1-0: Foul Ball, location: 2F
1-1: Foul Ball, location: 2F
1-2: Foul Ball, location: 2F
1-2: Strikes out swinging
Batting: RHB Wrangler Haresnape 0-0: Ground out 5-3 (Groundball, 56S)
Paco Muńóz to second
Batting: LHB Datu Lesaca 0-0: Ball
1-0: Ball
2-0: Ball
3-0: Called Strike
3-1: Base on Balls
Batting: RHB Jesús Ruano 0-0: Fly out, F8 (Flyball, 8RM)
Bottom of the 2nd over - 0 runs, 0 hits, 0 errors, 2 left on base; Brooklyn 1 - Charleston 0
TOP OF THE 3RD
Brooklyn Dodgers batting - Pitching for Charleston Battery : LHP Luis Vargas
Batting: LHB Alistair Mix 0-0: Foul Ball, location: 2F
0-1: Ground out 6-3 (Groundball, 6)
Batting: LHB Mike Gillespie 0-0: Ball
1-0: Ball
2-0: Called Strike
2-1: Ground out 6-3 (Groundball, 6S)
Batting: LHB Roberto Soto 0-0: Fly out, F6 (Popup, 6MD)
Top of the 3rd over - 0 runs, 0 hits, 0 errors, 0 left on base; Brooklyn 1 - Charleston 0
BOTTOM OF THE 3RD
Charleston Battery batting - Pitching for Brooklyn Dodgers : RHP Barney Starr
Batting: LHB Joey Coco 0-0: Swinging Strike
0-1: Fly out, F9 (Flyball, 89M)
Batting: RHB Mike Case 0-0: Ball
1-0: Ball
2-0: Ball
3-0: Swinging Strike
3-1: Base on Balls
Batting: SHB Jasper Morrison 0-0: Ball
1-0: Called Strike
1-1: Called Strike
1-2: Foul Ball, location: 2F
1-2: Ball
2-2: Foul Ball, location: 2F
2-2: Ball
3-2: SINGLE (Line Drive, 6D)
Mike Case to second
Batting: LHB Spencer Powell 0-0: Ball
1-0: Ball
2-0: Ball
3-0: Base on Balls
Mike Case to third
Jasper Morrison to second
Batting: RHB Paco Muńóz 0-0: Ball
1-0: Swinging Strike
1-1: Foul Ball, location: 2F
1-2: Strikes out looking
Batting: LHB Vicente Gonzáles 0-0: Ball
1-0: Ball
2-0: Fly out, F8 (Flyball, 8LM)
Bottom of the 3rd over - 0 runs, 1 hit, 0 errors, 3 left on base; Brooklyn 1 - Charleston 0
TOP OF THE 4TH
Brooklyn Dodgers batting - Pitching for Charleston Battery : LHP Luis Vargas
Batting: RHB Ilkka Haapajarvi 0-0: Called Strike
0-1: Ball
1-1: Swinging Strike
1-2: Strikes out looking
Batting: RHB Scott Ramsey 0-0: Ball
1-0: Ball
2-0: Ball
3-0: Base on Balls
Batting: SHB Tony Manzanares 0-0: Ball
1-0: Foul Ball, location: 2F
1-1: Swinging Strike
1-2: Strikes out swinging
Batting: LHB Hugh Hill 0-0: Swinging Strike
0-1: Fly out, F9 (Flyball, 9LS)
Top of the 4th over - 0 runs, 0 hits, 0 errors, 1 left on base; Brooklyn 1 - Charleston 0
BOTTOM OF THE 4TH
Charleston Battery batting - Pitching for Brooklyn Dodgers : RHP Barney Starr
Batting: RHB Wrangler Haresnape 0-0: Ball
1-0: SINGLE (Groundball, 6MD)
Batting: LHB Datu Lesaca 0-0: Ball
1-0: Ball
2-0: Called Strike
2-1: Swinging Strike
2-2: Foul Ball, location: 2F
2-2: Ball
3-2: Ground out 3-1 (Groundball, 23)
Wrangler Haresnape to second
Batting: RHB Jesús Ruano 0-0: Called Strike
0-1: Called Strike
0-2: Ball
1-2: Ground out 3-1 (Groundball, 34)
Wrangler Haresnape to third
Batting: LHB Joey Coco 0-0: Ball
1-0: Ball
2-0: Ball
3-0: Called Strike
3-1: Fly out, F9 (Flyball, 9S)
Bottom of the 4th over - 0 runs, 1 hit, 0 errors, 1 left on base; Brooklyn 1 - Charleston 0
TOP OF THE 5TH
Brooklyn Dodgers batting - Pitching for Charleston Battery : LHP Luis Vargas
Batting: LHB Jérôme Masson 0-0: Ball
1-0: Called Strike
1-1: Ball
2-1: Fly out, F5 (Popup, 5SF)
Batting: SHB Tommy Dreamer 0-0: Ball
1-0: Called Strike
1-1: Foul Ball, location: 2F
1-2: Foul Ball, location: 2F
1-2: Foul Ball, location: 2F
1-2: Fly out, F5 (Popup, 56S)
Batting: LHB Alistair Mix 0-0: Foul Ball, location: 2F
0-1: Foul Ball, location: 2F
0-2: Foul Ball, location: 2F
0-2: Strikes out swinging
Top of the 5th over - 0 runs, 0 hits, 0 errors, 0 left on base; Brooklyn 1 - Charleston 0
BOTTOM OF THE 5TH
Charleston Battery batting - Pitching for Brooklyn Dodgers : RHP Barney Starr
Batting: RHB Mike Case 0-0: Swinging Strike
0-1: Ground out 5-3 (Groundball, 56S)
Batting: SHB Jasper Morrison 0-0: Ball
1-0: Ball
2-0: Ball
3-0: Called Strike
3-1: Called Strike
3-2: Base on Balls
Batting: LHB Spencer Powell 0-0: Called Strike
0-1: Ball
1-1: Swinging Strike
1-2: Ball
2-2: Fly out, F7 (Flyball, 7D)
Batting: RHB Paco Muńóz 0-0: Ball
1-0: Called Strike
1-1: Ball
2-1: Called Strike
Jasper Morrison steals 2nd base
2-2: Strikes out swinging
Bottom of the 5th over - 0 runs, 0 hits, 0 errors, 1 left on base; Brooklyn 1 - Charleston 0
TOP OF THE 6TH
Brooklyn Dodgers batting - Pitching for Charleston Battery : LHP Luis Vargas
Batting: LHB Mike Gillespie 0-0: Called Strike
0-1: Ball
1-1: Fly out, F7 (Line Drive, 7S)
Batting: LHB Roberto Soto 0-0: Ball
1-0: Fly out, F7 (Flyball, 7LM)
Batting: RHB Ilkka Haapajarvi 0-0: Ball
1-0: Ball
2-0: Called Strike
2-1: Foul Ball, location: 2F
2-2: Ball
3-2: Base on Balls
Batting: RHB Scott Ramsey 0-0: Ball
1-0: Ball
2-0: Ball
3-0: Called Strike
3-1: Foul Ball, location: 2F
3-2: Base on Balls
Ilkka Haapajarvi to second
Batting: SHB Tony Manzanares 0-0: Foul Ball, location: 2F
0-1: Ball
Wild Pitch!
Ilkka Haapajarvi to third
Scott Ramsey to second
1-1: Ball
2-1: Foul Ball, location: 2F
2-2: Strikes out swinging
Top of the 6th over - 0 runs, 0 hits, 0 errors, 2 left on base; Brooklyn 1 - Charleston 0
BOTTOM OF THE 6TH
Charleston Battery batting - Pitching for Brooklyn Dodgers : RHP Barney Starr
Batting: LHB Vicente Gonzáles 0-0: Ground out 1-3 (Groundball, P)
Pitching: RHP Luis Bejarano
Batting: RHB Wrangler Haresnape 0-0: Ball
1-0: Swinging Strike
1-1: Foul Ball, location: 2F
1-2: Strikes out swinging
Batting: LHB Datu Lesaca 0-0: Ball
1-0: Ball
2-0: SINGLE (Groundball, 3) (infield hit)
Batting: RHB Jesús Ruano 0-0: Called Strike
0-1: Ball
1-1: TRIPLE (Line Drive, 78XD)
Datu Lesaca scores
Batting: LHB Joey Coco 0-0: Ground out 4-3 (Groundball, 4)
Bottom of the 6th over - 1 run, 2 hits, 0 errors, 1 left on base; Brooklyn 1 - Charleston 1
TOP OF THE 7TH
Brooklyn Dodgers batting - Pitching for Charleston Battery : LHP Luis Vargas
Batting: LHB Hugh Hill 0-0: Ball
1-0: Ground out 4-3 (Groundball, 4)
Batting: LHB Jérôme Masson 0-0: Fly out, F6 (Popup, 6MD)
Batting: SHB Tommy Dreamer 0-0: Ball
1-0: Fly out, F8 (Line Drive, 8LS)
Top of the 7th over - 0 runs, 0 hits, 0 errors, 0 left on base; Brooklyn 1 - Charleston 1
BOTTOM OF THE 7TH
Charleston Battery batting - Pitching for Brooklyn Dodgers : RHP Luis Bejarano
Batting: RHB Mike Case 0-0: Called Strike
0-1: Fly out, F4 (Line Drive, 4)
Batting: SHB Jasper Morrison 0-0: Foul Ball, location: 2F
0-1: Called Strike
0-2: Ground out 6-3 (Groundball, 6)
Batting: LHB Spencer Powell 0-0: Called Strike
0-1: Foul Ball, location: 2F
0-2: Foul Ball, location: 2F
0-2: Strikes out looking
Bottom of the 7th over - 0 runs, 0 hits, 0 errors, 0 left on base; Brooklyn 1 - Charleston 1
TOP OF THE 8TH
Brooklyn Dodgers batting - Pitching for Charleston Battery : LHP Luis Vargas
Pinch Hitting: LHB Frank Sharp 0-0: Ball
1-0: Called Strike
1-1: Ball
2-1: Foul Ball, location: 2F
2-2: Ball
3-2: Foul Ball, location: 2F
3-2: Ground out 6-3 (Groundball, 6M)
Pitching: RHP Tsugahara Hori
Batting: LHB Mike Gillespie 0-0: Ball
1-0: Foul Ball, location: 2F
1-1: Ball
2-1: SINGLE (Groundball, 6MD)
Batting: LHB Roberto Soto 0-0: Ball
Throwing error on steal attempt, E2
Mike Gillespie to third
1-0: Squeeze Bunt - play home, runner scores, batter safe!
Mike Gillespie scores
Batting: RHB Ilkka Haapajarvi 0-0: Foul Ball, location: 2F
0-1: Called Strike
0-2: Strikes out swinging
Batting: RHB Scott Ramsey 0-0: Called Strike
0-1: Ball
1-1: Swinging Strike
1-2: Strikes out swinging
Top of the 8th over - 1 run, 1 hit, 1 error, 1 left on base; Brooklyn 2 - Charleston 1
BOTTOM OF THE 8TH
Charleston Battery batting - Pitching for Brooklyn Dodgers : RHP Luis Bejarano
Pitching: RHP Harrison Tuff
Now in LF: Frank Sharp
Batting: RHB Paco Muńóz 0-0: Foul Ball, location: 2F
0-1: Swinging Strike
0-2: Ball
1-2: Strikes out swinging
Batting: LHB Vicente Gonzáles 0-0: Ball
1-0: Ball
2-0: Called Strike
2-1: Ball
3-1: Foul Ball, location: 2F
3-2: Foul Ball, location: 2F
3-2: Foul Ball, location: 2F
3-2: SINGLE (Flyball, 7S)
Batting: RHB Wrangler Haresnape 0-0: Ball
1-0: Called Strike
1-1: Bunted foul
1-2: Grounds into double play, 4-6-3 (Groundball, 4)
Bottom of the 8th over - 0 runs, 1 hit, 0 errors, 0 left on base; Brooklyn 2 - Charleston 1
TOP OF THE 9TH
Brooklyn Dodgers batting - Pitching for Charleston Battery : RHP Tsugahara Hori
Batting: SHB Tony Manzanares 0-0: Ball
1-0: Fly out, F6 (Popup, 6)
Batting: LHB Hugh Hill 0-0: Swinging Strike
0-1: Foul Ball, location: 2F
0-2: Ground out 6-3 (Groundball, 6M)
Batting: LHB Jérôme Masson 0-0: Ball
1-0: Foul Ball, location: 2F
1-1: SOLO HOME RUN (Flyball, 9LD), Distance : 349 ft
Batting: SHB Tommy Dreamer 0-0: Called Strike
0-1: Ground out 4-3 (Groundball, 34)
Top of the 9th over - 1 run, 1 hit, 0 errors, 0 left on base; Brooklyn 3 - Charleston 1
BOTTOM OF THE 9TH
Charleston Battery batting - Pitching for Brooklyn Dodgers : RHP Harrison Tuff
Pitching: RHP Ramón Granados
Batting: LHB Datu Lesaca 0-0: Ball
1-0: Ball
2-0: Fly out, F9 (Flyball, 9)
Batting: RHB Jesús Ruano 0-0: Fly out, F8 (Line Drive, 8LD)
Batting: LHB Joey Coco 0-0: Ground out 4-3 (Groundball, 4)
Bottom of the 9th over - 0 runs, 0 hits, 0 errors, 0 left on base; Brooklyn 3 - Charleston 1
Friday, March 29th, 2019 - OOTP Baseball 18.8 Build 76